 Dungeon Crawl Stone Soup version 0.31-a0-986-g5e6e4ef867 (webtiles) character file.

Game seed: 11667079851940965269

373 octoduck the Gusty (level 6, -1/49 HPs)
             Began as a Tengu Air Elementalist on Nov 19, 2023.
             Slain by a sleepcap (5 damage)
             ... on level 5 of the Dungeon.
             The game lasted 00:19:03 (7031 turns).

octoduck the Gusty (Tengu Air Elementalist)         Turns: 7031, Time: 00:19:04

Health: -1/49      AC: 23    Str:  8    XL:     6   Next: 72%
Magic:  1/10       EV:  2    Int: 17    God:
Gold:   276        SH:  0    Dex: 27    Spells: 3/9 levels left

rFire   . . .        o - +2 dagger (venom)
rCold   . . .        (no shield)
rNeg    . . .        a - melded +1 robe
rPois   +            (helmet currently unavailable)
rElec   .            p - melded +0 cloak
rCorr   .            (gloves currently unavailable)
SInv    .            (boots unavailable)
Will    .....        (no amulet)
Stlth   +++          g - +6 ring of dexterity
HPRegen 0.28/turn    l - +6 ring of dexterity
MPRegen 0.12/turn

%: acrobat
@: tree-form
A: stationary, stasis, torment immunity, boosted hp, (beak), (talons 3),
acrobatic
a: no special abilities


You were on level 5 of the Dungeon.
You were a tree.
You visited 2 branches of the dungeon, and saw 6 of its levels.

You collected 276 gold pieces.

Inventory:

Hand Weapons
 o - a +2 dagger of venom (weapon)
Missiles
 k - 8 poisoned darts
Armour
 a - a +1 robe (melded)
 p - a +0 cloak (melded)
Jewellery
 g - a +6 ring of dexterity (left branch)
 l - a +6 ring of dexterity (right branch)
Wands
 m - a wand of charming (9)
Scrolls
 c - a scroll of noise {unknown}
 q - a scroll of enchant armour
 r - a scroll of acquirement {unknown}
 s - a scroll of brand weapon {unknown}
 t - a scroll of silence {unknown}
Potions
 b - a potion of magic
 d - a potion of mutation {unknown}
 e - a potion of lignification
 f - 4 potions of might
 h - 2 potions of haste
 i - a potion of resistance {unknown}
 j - a potion of heal wounds {unknown}
 n - 2 potions of curing {unknown}


   Skills:
 + Level 0.8 Fighting
 - Level 4.4 Dodging
 - Level 2.0 Stealth
 - Level 2.0 Spellcasting
 + Level 5.1 Conjurations
 + Level 6.4 Air Magic


You had 3 spell levels left.
You knew the following spells:

 Your Spells              Type           Power      Damage    Failure   Level
a - Shock                 Conj/Air       84%        1d8       1%          1
b - Static Discharge      Conj/Air       42%        3-5/arc   2%          2
c - Swiftness             Air            23%        N/A       4%          3

Your spell library contained the following spells:

 Spells                   Type           Power      Damage    Failure   Level
 Poisonous Vapours        Pois/Air       24%        N/A       8%          2
 Sting                    Tmut/Pois      4%         1d3       19%         1
 Dazzling Flash           Conj/Hex       20%        N/A       21%         3
 Gell's Gravitas          Tloc           1%         N/A       50%         3
 Teleport Other           Tloc           1%         N/A       50%         3
 Volatile Blastmotes      Fire/Tloc      2%         2d10      50%         3
 Airstrike                Air            11%        2d(2-18)  14%         4
 Olgreb's Toxic Radiance  Pois           1%         N/A       88%         4
 Dispersal                Tloc           0%         N/A       100%        6
 Starburst                Conj/Fire      5%         6d4       100%        6
 Maxwell's Capacitive Co  Air            11%        ∞         100%        8


Dungeon Overview and Level Annotations

Branches:
Dungeon (5/15)             Temple (1/1) D:4

Altars:
Ashenzari
Fedhas
Gozag
Hepliaklqana
Nemelex Xobeh
Okawaru
Ru
Sif Muna
Trog
Uskayaw
Wu Jian
Zin
The Shining One

Annotations:
D:3 exclusion: ogre
D:4 exclusions: phantom and sleepcap
D:5 exclusion: black bear


Innate Abilities, Weirdness & Mutations

You are a tree.
Your roots penetrate the ground, keeping you stationary.
You cannot be teleported.
You are immune to unholy pain and torment.
Your maximum health is greatly increased.
Your equipment is partially melded.
((You have a beak for a mouth.))
((You have claws for feet.))
You can magically evade attacks while moving or waiting.


Message History

Confirm with . or Enter, or press ? or * to list all spells.
The sleepcap is struck by an arc of lightning.
The sleepcap is severely damaged.
You are struck by an arc of lightning.
The lightning grounds out.
The sleepcap releases spores at you!
Casting: Static Discharge (safe; 2% risk of failure)
Confirm with . or Enter, or press ? or * to list all spells.
The sleepcap is struck by an arc of lightning.
The sleepcap is severely damaged.
You are struck by an arc of lightning.
The sleepcap is struck by an arc of lightning.
The sleepcap is severely damaged.
The lightning grounds out.
The sleepcap releases spores at you.
You are engulfed in a cloud of soporific spores!
You fall asleep.
The sleepcap releases spores at you!
You wake up.
* * * LOW HITPOINT WARNING * * *
You see here a worm corpse.
Okay, then.
You turn into a tree.
Your +0 cloak melds into your body.
Your +1 robe melds into your body.
Your roots penetrate the ground.
The sleepcap releases spores at you.
* * * LOW HITPOINT WARNING * * *
You hit the sleepcap but do no damage.
The sleepcap is severely damaged.
The sleepcap releases spores at you but does no damage.
You hit the sleepcap but do no damage.
The sleepcap is severely damaged.
The sleepcap releases spores at you but does no damage.
You hit the sleepcap but do no damage.
The sleepcap is poisoned.
The sleepcap is severely damaged.
The sleepcap releases spores at you.
* * * LOW HITPOINT WARNING * * *
You hit the sleepcap but do no damage.
The sleepcap is almost destroyed.
The sleepcap barely misses you.
You hit the sleepcap but do no damage.
The sleepcap is almost destroyed.
The sleepcap releases spores at you.
You die...

.. ...........#####...
..................#
..................# ........!
........ .?....... #.....#
........# #.....#
........###....#####..
..[..##♣.......#..#...
.......f....#.........
....#..........##).#.##........
...................####.##.....
#......h...........####........
......^?..........##.....#.....
...................#....## ....
....#..##............f..# ...
....#..................)###....


You could see a sleepcap (poisoned).

Vanquished Creatures
  2 jellies
  A hound (D:4)
  Jessica (D:3)
  An iguana (D:4)
  An orc wizard (D:3)
  8 adders
  3 gnolls
  An ufetubus (D:5)
  A worm (D:5)
  2 dart slugs
  16 orcs
  7 ball pythons
  9 endoplasms
  A giant cockroach (D:2)
  6 goblins
  3 hobgoblins
  5 jackals (D:1)
  8 kobolds
  4 quokkas
  3 bats
  A frilled lizard (D:2)
  4 rats
88 creatures vanquished.

Notes
Turn   | Place    | Note
-------+----------+-------------------------------------------
     0 | D:1      | octoduck the Tengu Air Elementalist began the quest for the
                  | Orb.
     0 | D:1      | Reached XP level 1. HP: 10/10 MP: 4/4
   454 | D:1      | Reached XP level 2. HP: 15/15 MP: 3/6
  1096 | D:1      | Learned a level 2 spell: Static Discharge
  1454 | D:1      | Reached XP level 3. HP: 19/19 MP: 4/7
  3276 | D:2      | Learned a level 3 spell: Swiftness
  3286 | D:2      | Reached skill level 5 in Air Magic
  3286 | D:2      | Reached XP level 4. HP: 9/24 MP: 3/8
  3448 | D:3      | Noticed an ogre
  3501 | D:3      | Found an iron altar of Okawaru.
  3776 | D:3      | Noticed Jessica
  3976 | D:3      | Reached XP level 5. HP: 20/28 MP: 4/9
  4242 | D:3      | Found a blossoming altar of Fedhas.
  4445 | D:3      | Found a shimmering blue altar of Sif Muna.
  5005 | D:4      | Noticed a phantom
  5010 | D:4      | Noticed an ogre
  5024 | D:3      | Killed Jessica
  5538 | D:4      | Reached XP level 6. HP: 32/32 MP: 6/10
  5762 | D:4      | Reached skill level 6 in Air Magic
  5829 | D:4      | Found a staircase to the Ecumenical Temple.
  5838 | Temple   | Entered the Ecumenical Temple
  6611 | D:5      | Entered Level 5 of the Dungeon
  6734 | D:5      | Reached skill level 5 in Conjurations
  6757 | D:5      | Noticed a black bear
  7031 | D:5      | Slain by a sleepcap

Illustrated notes

Levels and vault maps discovered:
D:1:      ncdulo_smallfort, layout_basic
D:2:      layout_basic, hangedman_decor_push
D:3:      cheibrodos_old_hovel, layout_basic, mainiacjoe_overflow_alcove_1,
          nicolae_overflow_crystal_walls, mainiacjoe_overflow_paths,
          minmay_unequal, uniq_jessica
D:4:      minmay_door_path, layout_basic, minmay_temple_entry_waves
D:5:      layout_cave_pools, uniq_edmund, uniq_pikel
Temple:   dpeg_chambers_temple

Skill      XL: |  1  2  3  4  5  6 |
---------------+-------------------+-----
Conjurations   | 2 3 4 5 |  5.1
Dodging        | 3 4 |  4.4
Air Magic      | 5 6 |  6.4
Fighting       | |  0.8
Stealth        | |  2.0
Spellcasting   | |  2.0

Action                     |  1- 3 |  4- 6 || total
---------------------------+-------+-------++-------
  Melee: Short sword       |     5 |     5 ||    10
         Kick              |     1 |     1 ||     2
         Peck              |     1 |     2 ||     3
         Dagger            |       |     9 ||     9
   Cast: Shock             |    66 |   105 ||   171
         Static Discharge  |     1 |    12 ||    13
    Use: Scroll            |     6 |     4 ||    10
         Potion            |       |     1 ||     1
   Stab: Sleeping          |       |     2 ||     2
 Armour: Robe              |    12 |    28 ||    40
         Skin              |       |     5 ||     5
  Dodge: Dodged            |    23 |    31 ||    54

Table legend: (Time is in decaauts)
 A = Elapsed time spent in this place.
 B = Non-inter-level travel time spent in this place.
 C = Inter-level travel time spent in this place.
 D = Time resting spent in this place.
 E = Time spent auto-exploring this place.
 F = Levels seen in this place.
 G = Mean time per level.
                   A        B        C        D        E       F      G
               +--------+--------+--------+--------+--------+-----+--------+
         Total |   7033 |   6124 |    909 |   1599 |   3335 |   6 | 1172.2 |
       Dungeon |   7031 |   6122 |    909 |   1599 |   3335 |   5 | 1406.2 |
        Temple |      1 |      1 |      0 |      0 |      0 |   1 |    1.0 |
               +--------+--------+--------+--------+--------+-----+--------+

Top non-repeatable levels by time:
     D:3: 1888 daAuts
     D:2: 1840 daAuts
     D:1: 1570 daAuts
     D:4: 1416 daAuts
     D:5: 316 daAuts
  Temple: 1 daAuts
